 Dungeon Crawl Stone Soup version 0.23-a0-396-g5214e5f (webtiles) character file.

473 galech the Chopper (level 6, -4/48 HPs)
             Began as a Demonspawn Fighter on Nov 2, 2018.
             Slain by an ogre
             ... wielding a +0 giant club
              (25 damage)
             ... on level 5 of the Dungeon.
             The game lasted 00:03:41 (2738 turns).

galech the Chopper (Demonspawn Fighter)             Turns: 2738, Time: 00:03:42

Health: -4/48      AC: 11    Str: 16    XL:     6   Next: 84%
Magic:  6/6        EV:  3    Int: 10    God:
Gold:   136        SH:  9    Dex: 14    Spells: 5/5 levels left

rFire    + . .     SeeInvis .   a - +0 war axe
rCold    + . .     Gourm    .   c - +0 shield
rNeg     . . .     Faith    .   t - +0 plate armour
rPois    .         Spirit   .   (helmet restricted)
rElec    .         Reflect  .   (no cloak)
rCorr    .         Harm     .   (no gloves)
MR       .....                  (no boots)
Stlth    ..........             (no amulet)
HPRegen  4.16/turn              s - ring of protection from fire
MPRegen  0.10/turn              p - ring of protection from cold

@: drained
A: horns 1, powered by death 2
a: no special abilities


You were on level 5 of the Dungeon.
You were not hungry.

You visited 1 branch of the dungeon, and saw 5 of its levels.

You collected 136 gold pieces.

Inventory:

Hand Weapons
 a - a +0 war axe (weapon)
Armour
 c - a +0 shield (worn)
 t - a +0 plate armour (worn)
Jewellery
 h - an uncursed ring of wizardry
 p - a ring of protection from cold (right hand)
 s - a ring of protection from fire (left hand)
 u - a +6 ring of slaying {unknown}
Scrolls
 e - 7 scrolls of identify {unknown}
 k - 2 scrolls of immolation {unknown}
 n - a scroll of amnesia {unknown}
 q - 2 scrolls of teleportation {unknown}
 r - a scroll of magic mapping {unknown}
 v - a scroll of enchant weapon {unknown}
Potions
 d - a potion of curing {unknown}
 g - a potion of flight {unknown}
 i - a potion of resistance {unknown}
 j - 3 potions of agility {unknown}
 l - 2 potions of mutation {unknown}
 m - 2 potions of berserk rage {unknown}
 o - a potion of magic {unknown}
Comestibles
 f - 8 rations


   Skills:
 + Level 4.0(3.8) Fighting
 + Level 4.4(4.3) Axes
 + Level 3.7(3.6) Armour
 + Level 1.0(0.9) Dodging
 + Level 0.2(0.1) Stealth
 + Level 4.2(4.1) Shields


You had 5 spell levels left.
You didn't know any spells.
Your spell library was empty.

Dungeon Overview and Level Annotations

Branches:
Dungeon (4/15)
 Temple: D:4-7

Altars:
Hepliaklqana
Kikubaaqudgha
Vehumet

Annotations:
D:3 2 transporters, Dissent's ghost, amateur HOAM


Innate Abilities, Weirdness & Mutations

You have a pair of small horns on your head.
You regenerate health from kills.


Message History

The orc priest casts a cantrip, but nothing happens.
You completely miss the orc priest.
The orc priest is heavily wounded.
You slash the orc!
You kill the orc!
You slash the orc!
You kill the orc!
Your plate armour prevents you from hitting the orc.
You block the orc's attack.
The orc priest hits you but does no damage.
The phantom blinks!
You slash the orc priest!
You kill the orc priest!
Your base Fighting skill increases to level 4!
You miss something. You slash the ogre! You hit the orc.
The ogre hits you with a +0 giant club! You block something's attack.
You block the orc's attack.
The ogre hits you with a +0 giant club!!
Ouch! That really hurt!
You die...

#.# ... #.# ..# #.# #.#
#.# #.# #.# #.#
########.#######.#
.......[.........#######
......W...W....o@)..>..#
####.###.######O.###.#.#
####.# #.# #..... .)...#
#.# #....... ####.# #.#
#........ ..##.# #.#
#........ ...#.# #.#
#........ ...#.# #.#
#........ .....# #รท#


You could see a phantom, an ogre and an orc.

Vanquished Creatures
  Grinder (D:3)
  A crimson imp (D:5)
  A hound (D:5)
  2 orc priests
  An iguana (D:5)
  Robin (D:3)
  3 adders
  3 dart slugs (D:2)
  4 leopard geckos
  7 orcs
  7 bats
  6 giant cockroaches
  12 goblins
  10 hobgoblins
  3 jackals (D:3)
  A quokka (D:3)
  4 ball pythons
  6 frilled lizards
  5 kobolds
  6 rats
84 creatures vanquished.

Notes
Turn   | Place    | Note
-------+----------+-------------------------------------------
     0 | D:1      | galech the Demonspawn Fighter began the quest for the Orb.
     0 | D:1      | Reached XP level 1. HP: 18/18 MP: 1/1
   270 | D:1      | Gained mutation: You regenerate a little health from kills.
                  | [demonic ancestry]
   270 | D:1      | Reached XP level 2. HP: 6/24 MP: 2/2
   924 | D:2      | Gained mutation: You have a pair of small horns on your
                  | head. [demonic ancestry]
   924 | D:2      | Reached XP level 3. HP: 26/29 MP: 3/3
  1377 | D:2      | Reached XP level 4. HP: 34/35 MP: 4/4
  1647 | D:3      | Found an ancient bone altar of Kikubaaqudgha.
  1662 | D:3      | Found a transporter.
  1665 | D:3      | Found a transporter.
  1925 | D:3      | Reached skill level 1 in Dodging
  2032 | D:3      | Gained mutation: You regenerate health from kills. [demonic
                  | ancestry]
  2032 | D:3      | Reached XP level 5. HP: 33/41 MP: 5/5
  2051 | D:3      | Noticed Grinder
  2053 | D:3      | Found a radiant altar of Vehumet.
  2057 | D:3      | Paralysed by Grinder for 4 turns
  2062 | D:3      | Killed Grinder
  2062 | D:3      | Reached XP level 6. HP: 30/48 MP: 6/6
  2249 | D:3      | Noticed Dissent's ghost (amateur HOAM)
  2261 | D:3      | Noticed Robin
  2277 | D:3      | Killed Robin
  2463 | D:4      | You fall through a shaft!
  2463 | D:5      | Entered Level 5 of the Dungeon
  2463 | D:5      | Found a hazy altar of Hepliaklqana.
  2738 | D:5      | Slain by an ogre

Vault maps used:
D:1:      dpeg_arrival_arbitrary_b, st_stairs_13, minmay_bisected
D:3:      vehumet_crystals, kiku_gazebo_garden_becter, gammafunk_ghost_smash,
          minmay_misc_feat_hallway, columned_hall_lemuel, minmay_distorted,
          uniq_robin, uniq_grinder
D:4:      elyvilon_altar_4, lemuel_doored_altar, lemuel_crystal_altar
D:5:      old_standard_altar, first_ration

Skill      XL: |  1  2  3  4  5  6 |
---------------+-------------------+-----
Armour         | 3 |  3.7
Axes           | 2 3 4 |  4.4
Shields        | 3 4 |  4.2
Dodging        | 1 |  1.0
Fighting       | 4 |  4.0
Stealth        | |  0.2

Action                   |  1- 3 |  4- 6 || total
-------------------------+-------+-------++-------
Melee: War axe           |   100 |   147 ||   247
       Headbutt          |     6 |    18 ||    24
  Use: Potion            |       |     1 ||     1
  Eat: Chunk             |     2 |     4 ||     6
Armor: Scale mail        |    79 |    15 ||    94
       Plate armour      |       |    64 ||    64
Dodge: Dodged            |    34 |    27 ||    61
Block: Shield            |    58 |    89 ||   147

Table legend:
 A = Non-vault XP
 B = Vault XP
 C = Vault XP percentage of total XP
 D = Non-vault monster count
 E = Vault monster count
 F = Vault count percentage of total count
                 A         B        C        D         E       F
            +---------+---------+-------+---------+---------+-------
      Total |     362 |     315 |  46.5 |      63 |      21 |  25.0
            +---------+---------+-------+---------+---------+-------
        D:1 |      28 |       5 |  15.2 |      16 |       4 |  20.0
        D:2 |      64 |       0 |   0.0 |      21 |       0 |   0.0
        D:3 |      95 |     310 |  76.5 |      20 |      17 |  45.9
        D:5 |     175 |       0 |   0.0 |       6 |       0 |   0.0
            +---------+---------+-------+---------+---------+-------
